 Dungeon Sprint DCSS version 0.21.1-1-g345015f (webtiles) character file.

2940 Fang the Severer (level 9, -3/144 HPs)
             Began as a Minotaur Berserker on June 8, 2018.
             Was the Champion of Trog.
             Slain by a nagaraja
             ... wielding a +0 spear
              (7 damage)
             ... in the Dungeon (Sprint VII: "The Pits").
             The game lasted 00:03:13 (1354 turns).

Fang the Severer (Minotaur Berserker)               Turns: 1354, Time: 00:03:14

Health: -3/144     AC:  9    Str: 30    XL:     9   Next: 51%
Magic:  8/8        EV: 12    Int:  4    God:    Trog [******]
Gold:   0          SH:  0    Dex: 10    Spells: 8/8 levels left

rFire    . . .     SeeInvis .   m - +2 hand axe (chop)
rCold    + . .     Gourm    .   (no shield)
rNeg     . . .     Faith    .   o - +3 ring mail {rC+}
rPois    .         Spirit   .   (helmet restricted)
rElec    .         Reflect  .   (no cloak)
rCorr    .         Harm     .   (no gloves)
MR       .....     NoTele   +   (no boots)
Stlth    ..........             (no amulet)
HPRegen  0.34/turn              (no ring)
MPRegen  0.11/turn              (no ring)

@: berserking, lethally poisoned (-3 -> -5), slowed, constricted
A: retaliatory headbutt, horns 2
a: Berserk, Trog's Hand, Brothers in Arms, Burn Spellbooks, Renounce Religion


You were in the Dungeon.
You worshipped Trog.
Trog was exalted by your worship.
You were very hungry.

You visited 1 branch

Inventory:

Hand Weapons
 a - a +0 hand axe
 m - a +2 hand axe of chopping (weapon)
 n - a +2 hand axe
 u - a +1 broad axe of freezing
Missiles
 q - 4 exploding tomahawks (quivered)
Armour
 b - a +0 animal skin
 o - a +3 ring mail of cold resistance (worn)
Jewellery
 p - a +3 ring of strength
 r - a +3 ring of strength
Scrolls
 i - a scroll of blinking
 k - 3 scrolls of remove curse
 l - a scroll of summoning
Potions
 d - 7 potions of curing
 e - 16 potions of heal wounds
 f - a potion of haste
 g - 4 potions of magic
 h - 3 potions of berserk rage
 j - 2 potions of invisibility
 s - a potion of agility
 t - a potion of might
Comestibles
 c - 9 rations


   Skills:
 + Level 14.5 Fighting
 + Level 16.5 Axes
 + Level 8.6 Armour
 + Level 9.4 Dodging
 + Level 3.3 Stealth


You had 8 spell levels left.
You didn't know any spells.

Dungeon Overview and Level Annotations

Branches:
Dungeon (1/1)

Altars:
Cheibriados
Dithmenos
Elyvilon
Fedhas
Gozag
Hepliaklqana
Makhleb
Nemelex Xobeh
Okawaru
Qazlal
Ru
Sif Muna
Trog
Vehumet
Wu Jian
Xom
Yredelemnul
Zin
The Shining One
Beogh
Jiyva
Lugonu


Innate Abilities, Weirdness & Mutations

You reflexively headbutt those who attack you in melee.
You have a pair of horns on your head.


Message History

The ten-headed hydra is almost dead.
You closely miss the guardian serpent. You slash the nagaraja!
You feel sick.
The guardian serpent coils itself and waves its upper body at you.
You feel yourself slow down. The nagaraja hits you with a spear!
* * * LOW HITPOINT WARNING * * *
x2 The nagaraja constricts you.
You barely miss the ten-headed hydra.
You kill the ten-headed hydra!
Trog accepts your kill.
Your Fighting skill increases to level 14!
Your Axes skill increases to level 16!
Your Dodging skill increases to level 9!
You hit the nagaraja. You slash the guardian serpent!
The guardian serpent barely misses you. You furiously retaliate!
You headbutt the guardian serpent.
The nagaraja's grasp on you weakens, but your attempt to escape fails.
You feel sick. The guardian serpent hits you!
* * * LOW HITPOINT WARNING * * *
The nagaraja completely misses you.
You die...

## ..# #O# ..# #5#
..# #5# ..# #3#
##..# #v#. ..#
#############S##..#
.............N@...#
.............)....#
#######''##########
#########''######
................#
......#..#......#
................+
................+
......#..#......#


You could see a nagaraja, a two-headed ogre, a guardian serpent, a ynoxinul, an
insubstantial wisp and 2 ufetubi.

Vanquished Creatures
  A deep elf death mage (D)
  A hydra (D)
  A hellwing (D)
  A hornet (D)
  A flying skull (D)
  A tarantella (D)
  A warg (D)
  A floating eye (D)
  An ice beast (D)
  A centaur (D)
  4 bullfrogs (D)
  A crimson imp (D)
  A hound (D)
  A gnoll (D)
  2 adders (D)
  A river rat (D)
  A leopard gecko (D)
  2 orcs (D)
  A giant cockroach (D)
  A hobgoblin (D)
  A quokka (D)
  A ball python (D)
  A frilled lizard (D)
  A giant cockroach zombie (D)
29 creatures vanquished.

Notes
Turn   | Place    | Note
-------+----------+-------------------------------------------
     0 | D        | Fang the Minotaur Berserker began the quest for the Orb.
     0 | D        | Reached XP level 1. HP: 19/19 MP: 0/0
    21 | D        | Noticed a floating eye
    22 | D        | Paralysed by a floating eye for 4 turns
    26 | D        | Killed a floating eye
    26 | D        | Reached skill level 7 in Axes
    26 | D        | Reached XP level 2. HP: 34/34 MP: 1/1
    26 | D        | Reached XP level 3. HP: 39/39 MP: 2/2
    26 | D        | Reached XP level 4. HP: 47/47 MP: 3/3
   181 | D        | Found a bloodstained altar of Trog.
   181 | D        | Found a deep blue altar of Sif Muna.
   181 | D        | Found a viscous altar of Jiyva.
   181 | D        | Found a hazy altar of Hepliaklqana.
   181 | D        | Found an opulent altar of Gozag.
   182 | D        | Found a glowing golden altar of the Shining One.
   182 | D        | Found a glowing silver altar of Zin.
   182 | D        | Found a basalt altar of Yredelemnul.
   182 | D        | Found a shimmering altar of Xom.
   182 | D        | Found an ornate altar of the Wu Jian Council.
   182 | D        | Found a sacrificial altar of Ru.
   182 | D        | Found a stormy altar of Qazlal.
   182 | D        | Found an iron altar of Okawaru.
   182 | D        | Found a sparkling altar of Nemelex Xobeh.
   182 | D        | Found a burning altar of Makhleb.
   182 | D        | Found a blossoming altar of Fedhas.
   182 | D        | Found a white marble altar of Elyvilon.
   182 | D        | Found a shadowy altar of Dithmenos.
   182 | D        | Found a snail-covered altar of Cheibriados.
   184 | D        | Found a radiant altar of Vehumet.
   184 | D        | Found a corrupted altar of Lugonu.
   184 | D        | Found a roughly hewn altar of Beogh.
   245 | D        | Reached ** piety under Trog
   254 | D        | Reached skill level 8 in Axes
   307 | D        | Reached *** piety under Trog
   312 | D        | Reached XP level 5. HP: 32/56 MP: 4/4
   739 | D        | Noticed a warg
   739 | D        | Noticed an ice beast
   741 | D        | Reached skill level 9 in Axes
   741 | D        | Reached skill level 5 in Armour
   742 | D        | Reached **** piety under Trog
   744 | D        | Killed a warg
   744 | D        | Received a gift from Trog
   744 | D        | Reached skill level 10 in Fighting
   744 | D        | Reached skill level 10 in Axes
   744 | D        | Reached skill level 5 in Dodging
   744 | D        | Reached skill level 1 in Stealth
   744 | D        | Reached XP level 6. HP: 66/66 MP: 5/5
   746 | D        | Killed an ice beast
   746 | D        | Reached skill level 11 in Axes
   811 | D        | Noticed a hornet
   816 | D        | Killed a hornet
   816 | D        | Reached ***** piety under Trog
   816 | D        | Reached skill level 12 in Axes
   816 | D        | Reached XP level 7. HP: 74/74 MP: 6/6
   878 | D        | Noticed a flying skull
   878 | D        | Noticed a hellwing
   883 | D        | Reached skill level 13 in Axes
   888 | D        | Killed a hellwing
   888 | D        | Received a gift from Trog
   888 | D        | Reached XP level 8. HP: 54/85 MP: 7/7
   894 | D        | Killed a flying skull
   894 | D        | Reached skill level 14 in Axes
  1337 | D        | Noticed a four-headed hydra
  1337 | D        | Noticed a nagaraja
  1337 | D        | Noticed a deep elf death mage
  1339 | D        | Noticed a guardian serpent
  1341 | D        | Noticed a sun demon
  1348 | D        | Killed a deep elf death mage
  1348 | D        | Received a gift from Trog
  1348 | D        | Reached skill level 15 in Axes
  1348 | D        | Reached XP level 9. HP: 94/94 MP: 8/8
  1349 | D        | Reached ****** piety under Trog
  1351 | D        | Noticed a two-headed ogre
  1353 | D        | Killed a ten-headed hydra
  1353 | D        | Reached skill level 16 in Axes
  1354 | D        | HP: 4/144 [guardian serpent (8)]
  1354 | D        | Slain by a nagaraja

Skill      XL: |  1  2  3  4  5  6  7  8  9 |
---------------+----------------------------+-----
Fighting       | 7 8 10 11 12 13 14 | 14.5
Axes           | 7 8 10 12 13 15 16 | 16.5
Armour         | 4 5 6 7 8 |  8.6
Dodging        | 3 4 5 6 7 8 9 |  9.4
Stealth        | 1 2 3 |  3.3

Action                   |  1- 3 |  4- 6 |  7- 9 || total
-------------------------+-------+-------+-------++-------
Melee: Hand axe          |     1 |    36 |    35 ||    72
       Headbutt          |     1 |     2 |     8 ||    11
Invok: Berserk           |     1 |     2 |     2 ||     5
  Eat: Chunk             |       |     1 |     3 ||     4
Armor: Animal skin       |       |     5 |       ||     5
       Ring mail         |       |     5 |    19 ||    24
Dodge: Dodged            |       |    20 |    32 ||    52
